 Dungeon Crawl Stone Soup version 0.22.0-40-g68aacdc4c8 (webtiles) character file.

2760 Peloso the Carver (level 9, -5/78 HPs)
             Began as a Minotaur Fighter on Sept 2, 2018.
             Slain by a cyan ugly thing (14 damage)
             ... on level 7 of the Dungeon.
             The game lasted 00:10:37 (5536 turns).

Peloso the Carver (Minotaur Fighter)                Turns: 5536, Time: 00:10:39

Health: -5/78      AC: 22    Str: 23    XL:     9   Next: 41%
Magic:  8/8        EV: 11    Int:  5    God:
Gold:   276        SH: 12    Dex: 16    Spells: 8/8 levels left

rFire    . . .     SeeInvis .   a - +2 falchion (protect)
rCold    . . .     Gourm    .   c - +0 shield
rNeg     . . .     Faith    .   b - +0 plate armour
rPois    .         Spirit   .   (helmet restricted)
rElec    .         Reflect  .   (no cloak)
rCorr    +         Harm     .   (no gloves)
MR       .....                  q - +0 pair of boots
Stlth    ..........             (no amulet)
HPRegen  0.23/turn              s - ring of resist corrosion
MPRegen  0.11/turn              (no ring)

@: agile, protection aura
A: retaliatory headbutt, horns 2
a: no special abilities


You were on level 7 of the Dungeon.
You were not hungry.

You visited 1 branch of the dungeon, and saw 7 of its levels.

You collected 276 gold pieces.

Inventory:

Hand Weapons
 a - a +2 falchion of protection (weapon)
 t - a +2 whip of flaming
Armour
 b - a +0 plate armour (worn)
 c - a +0 shield (worn)
 q - a +0 pair of boots (worn)
Jewellery
 s - a ring of resist corrosion (left hand)
Wands
 i - a wand of iceblast (15)
 v - a wand of digging (35)
 w - a wand of flame (4)
Scrolls
 d - a scroll of random uselessness {unknown}
 e - 3 scrolls of identify
 g - a scroll of noise {unknown}
 j - 3 scrolls of enchant armour {unknown}
 k - 2 scrolls of magic mapping {unknown}
 m - 3 scrolls of teleportation {unknown}
Potions
 h - a potion of resistance
 l - 4 potions of curing
 n - a potion of agility
 o - 2 potions of magic {unknown}
 p - a potion of brilliance {unknown}
 r - a potion of cancellation {unknown}
 x - a potion of invisibility {unknown}
Comestibles
 f - 10 rations
 u - 2 chunks of flesh


   Skills:
 + Level 6.7 Fighting
 + Level 9.4 Long Blades
 + Level 8.7 Armour
 + Level 1.5 Dodging
 + Level 1.7 Stealth
 + Level 8.0 Shields


You had 8 spell levels left.
You didn't know any spells.
Your spell library contained the following spells:

 Spells                   Type           Power        Failure   Level  Hunger
 Animate Skeleton         Necr           N/A          100%        1    ##.....
 Apportation              Tloc           #.....       100%        1    ##.....
 Confusing Touch          Hex            #.....       100%        1    ##.....
 Corona                   Hex            #......      100%        1    ##.....
 Summon Small Mammal      Summ           #...         100%        1    ##.....
 Ensorcelled Hibernation  Hex/Ice        #.....       100%        2    ###....
 Confuse                  Hex            #.......     100%        3    ####...
 Dazzling Spray           Conj/Hex       #.....       100%        3    ####...
 Tukima's Dance           Hex            #.......     100%        3    ####...
 Borgnjor's Vile Clutch   Necr/Erth      #.........   100%        5    ######.
 Silence                  Hex/Air        #.........   100%        5    ######.
 Darkness                 Hex            #.........   100%        6    #######
 Shadow Creatures         Summ           N/A          100%        6    #######


Dungeon Overview and Level Annotations

Branches:
Dungeon (7/15)
 Temple: D:4-7

Altars:
Sif Muna
Yredelemnul
Zin
The Shining One

Shops:
D:7 }%

Annotations:
D:5 2 runed doors, Bootz's ghost, novice HOFi
D:7 3 runed doors, Anaz's ghost, novice DgAE


Innate Abilities, Weirdness & Mutations

You reflexively headbutt those who attack you in melee.
You have a pair of horns on your head.


Message History

The bullfrog hits you but does no damage.
Unknown command.
You hit the cyan ugly thing but do no damage.
The cyan ugly thing is almost dead.
You block the bullfrog's attack.
The cyan ugly thing stings you but does no damage.
Unknown command.
You hit the cyan ugly thing but do no damage.
The cyan ugly thing is almost dead.
The bullfrog hits you but does no damage.
The cyan ugly thing stings you but does no damage.
You block the bullfrog's attack.
Unknown command.
You slash the cyan ugly thing! You headbutt the cyan ugly thing.
The cyan ugly thing is almost dead.
The bullfrog hits you but does no damage.
The cyan ugly thing stings you!
* * * LOW HITPOINT WARNING * * *
The cyan ugly thing shocks you!
You die...

..#.#)##..#...#≈≈#...#...
..#.#)##..#.⌠.#..#.⌠(#..###
....#)....#...#..#...#?....
....#).....###....###......
....#.........F...........#
....#....##....#..........'
.........##....+..........#
.........##..>.#uF.........
.........##....#@...)......
.........##..∩.#...........
.........##...))†..........
.........###+###)..........
#<.##....# #.........#.
##.##....# #..)...[<.# ...
### #.........# .#.#
....#####.# ##.# ###.#


You could see a cyan ugly thing and a bullfrog.

Vanquished Creatures
  Pikel (D:4)
  Sigmund (D:2)
  Edmund (D:5)
  Duvessa (D:5)
  An orc warrior (D:7)
  A sky beast (D:5)
  A slave (D:4)
  2 ice beasts
  5 ogres
  A necrophage (D:7)
  A crocodile (D:7)
  2 bullfrogs (D:6)
  A scorpion (D:5)
  Dowan (D:5)
  2 howler monkeys (D:4)
  An electric eel (D:7)
  A crimson imp (D:5)
  A centaur zombie (D:5)
  2 hounds
  A jelly (D:5)
  An orc priest (D:7)
  An iguana (D:6)
  5 orc wizards
  3 worker ants
  A hound skeleton (D:5)
  4 gnolls
  A howler monkey skeleton (D:4)
  7 adders
  2 oozes
  An adder zombie (D:5)
  5 worms
  2 leopard geckos
  8 orcs
  3 bats
  4 giant cockroaches
  9 hobgoblins
  7 jackals
  8 kobolds
  4 quokkas
  6 frilled lizards
  A giant cockroach zombie (D:5)
  7 goblins
  7 rats
125 creatures vanquished.

Notes
Turn   | Place    | Note
-------+----------+-------------------------------------------
     0 | D:1      | Peloso the Minotaur Fighter began the quest for the Orb.
     0 | D:1      | Reached XP level 1. HP: 19/19 MP: 0/0
   300 | D:1      | Reached XP level 2. HP: 27/27 MP: 1/1
   800 | D:2      | Reached XP level 3. HP: 18/33 MP: 2/2
  1381 | D:2      | Reached skill level 3 in Long Blades
  1419 | D:2      | Found a glowing golden altar of the Shining One.
  1429 | D:2      | Found a faded altar of an unknown god.
  1430 | D:2      | Noticed Sigmund
  1658 | D:2      | Killed Sigmund
  1658 | D:2      | Reached skill level 4 in Long Blades
  1658 | D:2      | Reached skill level 5 in Armour
  1658 | D:2      | Reached skill level 5 in Shields
  1658 | D:2      | Reached XP level 4. HP: 34/41 MP: 3/3
  1658 | D:2      | Reached XP level 5. HP: 39/47 MP: 4/4
  2137 | D:2      | Reached XP level 6. HP: 52/53 MP: 5/5
  2585 | D:3      | Found a glowing silver altar of Zin.
  2586 | D:3      | Found a basalt altar of Yredelemnul.
  2587 | D:3      | Found a deep blue altar of Sif Muna.
  3403 | D:4      | Noticed Pikel
  3403 | D:4      | Noticed a slave
  3404 | D:4      | Noticed a slave
  3404 | D:4      | Noticed a slave
  3405 | D:4      | Noticed a slave
  3412 | D:4      | Reached skill level 5 in Long Blades
  3418 | D:4      | Killed a slave
  3435 | D:4      | HP: 2/53 [Pikel/whip of flaming (3)]
  3439 | D:4      | Killed Pikel
  3439 | D:4      | Reached skill level 5 in Fighting
  3439 | D:4      | Reached skill level 6 in Long Blades
  3439 | D:4      | Reached XP level 7. HP: 2/61 MP: 6/6
  3734 | D:5      | Entered Level 5 of the Dungeon
  3836 | D:5      | Noticed Edmund
  3862 | D:5      | Killed Edmund
  3862 | D:5      | Reached skill level 7 in Long Blades
  3862 | D:5      | Reached XP level 8. HP: 50/68 MP: 7/7
  4113 | D:5      | Found a large runed door.
  4113 | D:5      | Noticed Duvessa
  4113 | D:5      | Noticed Dowan
  4114 | D:5      | Found a large runed door.
  4118 | D:5      | Killed Dowan
  4126 | D:5      | Killed Duvessa
  4133 | D:5      | Noticed Bootz's ghost (novice HOFi)
  4424 | D:5      | Reached skill level 8 in Long Blades
  4628 | D:5      | Reached skill level 1 in Dodging
  4628 | D:5      | Reached skill level 1 in Stealth
  4964 | D:6      | Reached XP level 9. HP: 75/75 MP: 8/8
  5254 | D:7      | Found a runed gate.
  5255 | D:7      | Found a runed gate.
  5256 | D:7      | Found a runed gate.
  5256 | D:7      | Noticed Anaz's ghost (novice DgAE)
  5288 | D:7      | Found Cotodiy's Gadget Boutique.
  5297 | D:7      | Reached skill level 9 in Long Blades
  5424 | D:7      | Found Motrusat's Food Shop.
  5508 | D:7      | Noticed a cyan ugly thing
  5536 | D:7      | Slain by a cyan ugly thing

Skill      XL: |  1  2  3  4  5  6  7  8  9 |
---------------+----------------------------+-----
Shields        | 4 5 6 7 8 |  8.0
Armour         | 4 5 6 8 |  8.7
Fighting       | 4 5 6 |  6.7
Long Blades    | 4 6 7 8 9 |  9.4
Dodging        | 1 |  1.5
Stealth        | 1 |  1.7

Action                   |  1- 3 |  4- 6 |  7- 9 || total
-------------------------+-------+-------+-------++-------
Melee: Long sword        |    73 |   164 |   168 ||   405
       Headbutt          |    14 |    33 |    52 ||    99
       Falchion          |       |       |    44 ||    44
Evoke: Wand              |       |       |     4 ||     4
  Use: Scroll            |     3 |       |     2 ||     5
       Potion            |     1 |       |     1 ||     2
  Eat: Chunk             |     2 |     5 |     5 ||    12
       Ration            |       |       |     1 ||     1
Armor: Scale mail        |     6 |       |       ||     6
       Plate armour      |    31 |   139 |    95 ||   265
Dodge: Dodged            |    15 |    38 |    33 ||    86
Block: Shield            |    43 |   129 |   103 ||   275
       Rpst.: Long sword |     6 |    13 |     3 ||    22
       Falchion          |       |       |     3 ||     3
